 Dungeon Crawl Stone Soup version 0.30-a0-618-gd6c86c23d0 (webtiles) character file.

Game seed: 13277735669427913950

2232892 ragingrage the Warrior (level 25, 210/210 HPs)
             Began as a Demonspawn Berserker on Jan 9, 2023.
             Was the Champion of Trog.
             Escaped with the Orb
             ... and 4 runes on Jan 10, 2023!
             The game lasted 01:48:52 (72506 turns).

ragingrage the Warrior (Demonspawn Berserker)      Turns: 72506, Time: 01:48:53

Health: 210/210    AC: 29    Str: 24    XL:     25   Next: 69%
Magic:  35/35      EV: 33    Int:  9    God:    Trog [******]
Gold:   5590       SH: 33    Dex: 40    Spells: 27/27 levels left

rFire   + + .      SeeInvis +    a - +9 broad axe "Mahec Afot" {spect, Dex+3 SInv}
rCold   + + .      Faith    .    Q - +6 tower shield of the Fiddle {Dex+5}
rNeg    + . .      Spirit   +    l - +7 scale mail of the Worm {rF+ Will+ Dex+3 Slay+3}
rPois   +          Reflect  .    s - +1 helmet {Int+3}
rElec   +          Harm     .    (cloak unavailable)
rCorr   +          Rampage  +    j - +2 pair of gloves of Lust {rPois SInv}
Will    +++++                    W - +0 pair of boots {rampage}
Stlth   +++                      p - amulet of Onkuerue {Spirit Will+}
HPRegen 0.55/turn                Y - ring "Onaebyso" {rElec rN+ rCorr EV+5 Str-2}
MPRegen 0.24/turn                u - ring "Nooth" {rF+ rC++ AC+4 Int-2 Dex+4}

@: no status effects
A: thin skeletal structure 3, ignite blood 3, powered by pain 2, torment
resistance 1, demonic willpower, weakness stinger 3, agile 1, strong-willed 1,
wild magic 1
0: Orb of Zot
}: 4/15 runes: decaying, slimy, silver, gossamer
a: Renounce Religion, Berserk, Trog's Hand, Brothers in Arms


You escaped.
You worshipped Trog.
Trog was exalted by your worship.
You visited 10 branches of the dungeon, and saw 52 of its levels.
You also visited: Trove and Ice Cave.

You collected 7938 gold pieces.
You spent 2348 gold pieces at shops.

Inventory:

Hand Weapons
 a - the +9 broad axe "Mahec Afot" (weapon) {spect, Dex+3 SInv}
   (You found it in a treasure trove)

   Dex:       It affects your dexterity (+3).
   SInv:      It lets you see invisible.
 b - the +8 broad axe of Inonuegh {antimagic, rC+}
   (You acquired it on level 1 of the Realm of Zot)

   rC:        It protects you from cold.
Missiles
 h - 4 javelins
 r - 23 boomerangs (quivered)
 D - 5 curare-tipped darts
 U - 8 silver javelins
Armour
 j - the +2 pair of gloves of Lust (worn) {rPois SInv}
   (You acquired it on level 3 of the Swamp)

   rPois:     It protects you from poison.
   SInv:      It lets you see invisible.
 l - the +7 scale mail of the Worm (worn) {rF+ Will+ Dex+3 Slay+3}
   (You took it off an orc on level 6 of the Dungeon)

   Dex:       It affects your dexterity (+3).
   Slay:      It affects your accuracy & damage with ranged weapons and melee
   (+3).
   rF:        It protects you from fire.
   Will:      It increases your willpower.
 s - a +1 helmet of intelligence (worn)
 I - +0 gold dragon scales
 Q - the +6 tower shield of the Fiddle (worn) {Dex+5}
   (You acquired it on level 5 of the Vaults)

   Dex:       It affects your dexterity (+5).
 W - a +0 pair of boots of rampaging (worn)
Jewellery
 p - the amulet of Onkuerue (around neck) {Spirit Will+}
   (You took it off a deep elf annihilator on level 3 of the Elven Halls)

   [amulet of guardian spirit]

   It causes incoming damage to be divided between your reserves of health and
   magic.
   Will:      It increases your willpower.
 q - the ring of Vehumet, Bedazzling {rF+ EV+5}
   (You took it off a deep elf high priest on level 3 of the Elven Halls)

   [ring of evasion]

   EV:        It affects your evasion (+5).
   rF:        It protects you from fire.
 u - the ring "Nooth" (right hand) {rF+ rC++ AC+4 Int-2 Dex+4}
   (You took it off an ironbound convoker on level 5 of the Vaults)

   [ring of protection]

   AC:        It affects your AC (+4).
   Int:       It affects your intelligence (-2).
   Dex:       It affects your dexterity (+4).
   rF:        It protects you from fire.
   rC:        It greatly protects you from cold.
 V - the ring "Rofroe Daod" {rElec rPois rCorr Str+3}
   (You took it off a draconian monk on level 4 of the Realm of Zot)

   [ring of poison resistance]

   Str:       It affects your strength (+3).
   rElec:     It insulates you from electricity.
   rPois:     It protects you from poison.
   rCorr:     It protects you from acid and corrosion.
 Y - the ring "Onaebyso" (left hand) {rElec rN+ rCorr EV+5 Str-2}
   (You bought it in a shop on level 12 of the Dungeon)

   [ring of evasion]

   EV:        It affects your evasion (+5).
   Str:       It affects your strength (-2).
   rElec:     It insulates you from electricity.
   rN:        It protects you from negative energy.
   rCorr:     It protects you from acid and corrosion.
Wands
 m - a wand of flame (110)
 z - a wand of iceblast (68)
 K - a wand of digging (12)
 N - a wand of acid (12)
 R - a wand of mindburst (32)
 S - a wand of polymorph (3)
 X - a wand of charming (44)
Scrolls
 k - 6 scrolls of poison
 t - a scroll of butterflies
 w - 18 scrolls of teleportation
 x - 9 scrolls of blinking
 y - 4 scrolls of silence
 A - 12 scrolls of fog
 B - 7 scrolls of fear
 C - 11 scrolls of vulnerability
 E - 5 scrolls of immolation
 P - 4 scrolls of magic mapping
Potions
 c - 6 potions of attraction
 e - 11 potions of resistance
 f - 9 potions of heal wounds
 g - 2 potions of cancellation
 i - 7 potions of flight
 n - 27 potions of curing
 o - 3 potions of berserk rage
 v - 3 potions of haste
 F - 10 potions of lignification
 H - 9 potions of ambrosia
 J - 8 potions of mutation
 L - 7 potions of might
 T - 2 potions of magic
Miscellaneous
 d - a phantom mirror
 G - a box of beasts
 M - a tin of tremorstones (2/2)
 O - a phial of floods
 Z - a condenser vane


   Skills:
 - Level 20.0 Fighting
 - Level 18.9(19.0) Axes
 - Level 3.0(12.7) Polearms
 - Level 16.0 Throwing
 - Level 15.0 Armour
 + Level 14.8 Dodging
 - Level 11.0 Stealth
 * Level 17.4 Shields
 - Level 1.5 Spellcasting
 - Level 17.0 Invocations
 - Level 20.0 Evocations


You had 27 spell levels left.
You didn't know any spells.
Your spell library was empty.

Dungeon Overview and Level Annotations

Branches:
Dungeon (15/15)            Temple (0/1) D:6            Lair (5/5) D:11
  Swamp (4/4) Lair:2       Spider (4/4) Lair:3        Slime (5/5) Lair:4
    Orc (2/2) D:9             Elf (3/3) Orc:2        Vaults (5/5) D:14
  Crypt (0/3) Vaults:3     Depths (4/4) D:15            Zot (5/5) Depths:4
  IceCv (visited)

Altars:
Ashenzari
Dithmenos
Gozag
Hepliaklqana
Okawaru
Qazlal
Ru
Sif Muna
Trog
Uskayaw
Xom
Yredelemnul
Jiyva
Lugonu

Shops:
D:3 (   D:5 :   D:7 =   D:12 =   Orc:2 ??(=   Elf:2 (   Elf:3 ?   Vaults:1 :
Vaults:2 [

Portals:
Hell: Depths:1 Depths:2 Depths:3 Depths:4
Abyss: Lair:5 Depths:1 Depths:3
Pandemonium: Depths:2
Ziggurat: Depths:2

Annotations:
D:5 1 runed translucent door, Crazy Yiuf
Elf:2 3 runed translucent doors
Elf:3 1 exclusion
Depths:4 36 runed doors
Zot:1 1 runed translucent door, Aklawnof's ghost, legendary VSBe


Innate Abilities, Weirdness & Mutations

You have an unnaturally thin skeletal structure. (Dex +6, Stealth+++)
Your demonic aura causes all spilled blood to erupt in flames.
You sometimes gain power by taking damage.
You are resistant to unholy torment.
You punish those that try to bend your will. (Will+)
You have a sharp stinger which inflicts weakening toxins.
You are agile. (Dex +4, Str/Int -1)
You are strong-willed. (Will+)
Your spells are a little harder to cast, but a little more powerful.


Message History

The rakshasa is lightly wounded.
Your +9 broad axe "Mahec Afot" {spect, Dex+3 SInv} closely misses the rakshasa.
You block the rakshasa's attack.
You barely miss the rakshasa.
You tail-slap the rakshasa, but do no damage.
The rakshasa is lightly wounded.
Your +9 broad axe "Mahec Afot" {spect, Dex+3 SInv} barely misses the rakshasa.
You block the rakshasa's attack.
You hit the rakshasa.
The rakshasa is moderately wounded.
Your +9 broad axe "Mahec Afot" {spect, Dex+3 SInv} hits the rakshasa!!
The injured rakshasa weaves a defensive illusion!
You block the rakshasa's attack.
You hit the rakshasa.
The rakshasa is severely wounded.
You slash the rakshasa!
Your +9 broad axe "Mahec Afot" {spect, Dex+3 SInv} hits the rakshasa!!
You kill the rakshasa!
The rakshasa shimmers and vanishes!
Your +9 broad axe "Mahec Afot" {spect, Dex+3 SInv} hits the rakshasa!
You block the rakshasa's attack.
You carve the rakshasa like a ham!!!
You kill the rakshasa!
Trog accepts your kill.
The rakshasa shimmers and vanishes!
(D) Dungeon (T) Temple (L) Lair (S) Swamp (N) Spider Nest (M) Slime Pits (O) Orcish Mines (E) Elven Halls (V) Vaults (C) Crypt (U) Depths (H) Hell (Z) Zot
Where to? (Enter - D:1 @ (x,y), ? - help)
There is a stone staircase leading up here.
You climb upwards.
There is a stone staircase leading down here.
There is a stone staircase leading up here.
You climb upwards.
There is a stone staircase leading down here.
There is an open door here.
HP restored.
There is a staircase leading out of the dungeon here.
You have escaped!

#...##.# #.........
#......#####.###.....
#⌠.....'.#..>........
#......#.....###.....
#≈..##.###....##.....
#≈≈.##.# #....##.....
#≈≈≈...# #....#######
#≈≈≈...# #....#######
#⌠≈≈@..# #..........#
######## #..........#
#..........#
#..........#
#....#'##### #....#.#
#....#.# ########.##
#.........#


There were no monsters in sight!

Vanquished Creatures
  the Royal Jelly (Slime:5)
  2 dread liches
  2 orbs of fire (Zot:5)
  An ancient lich (Zot:5)
  Mara (Swamp:4)
  Saint Roka (Depths:2)
  8 Killer Klowns
  Vv (Zot:2)
  A bone dragon (Depths:1)
  9 golden dragons
  An iron giant (shapeshifter) (Vaults:5)
  3 electric golems
  2 Brimstone Fiends
  19 tentacled monstrosities
  25 Orb Guardians (Zot:5)
  2 liches
  A Hell Sentinel (D:6)
  A deep elf blademaster (Elf:3)
  7 quicksilver dragons
  A deep elf master archer (Elf:3)
  2 Executioners
  2 titans
  4 death cobs
  17 acid blobs
  6 sphinxes
  15 storm dragons
  8 shadow dragons
  Kirke (Swamp:4)
  3 tengu reavers
  14 draconian monks
  A fire giant (shapeshifter) (Vaults:5)
  11 azure jellies
  18 rockslimes
  2 iron dragons
  7 draconian scorchers
  12 frost giants
  4 draconian knights
  9 emperor scorpions
  13 fire giants
  19 vault wardens
  2 deep elf sorcerers (Elf:3)
  7 ghost moths
  4 deep elf elementalists (Elf:3)
  5 draconian annihilators
  A spriggan defender (Depths:3)
  A broodmother (Spider:2)
  7 draconian stormcallers
  An angel (Depths:2)
  9 quicksilver oozes
  3 draconian shifters
  A reaper (Depths:1)
  6 ironbound thunderhulks
  The ghost of olddryhag the Cleaver, a journeyman DsGl of Okawaru (Lair:5)
  16 ironbound preservers
  3 war gargoyles (Vaults:5)
  16 very ugly things
  15 stone giants
  An eleionoma (Swamp:1)
  10 black draconians
  12 green draconians
  7 deep elf demonologists
  9 spark wasps
  8 bunyips
  12 white draconians
  8 dire elephants
  6 deep elf annihilators
  10 red draconians
  9 purple draconians
  2 blizzard demons
  7 yellow draconians
  7 deep elf death magi
  10 ettins
  Snorg (Lair:4)
  7 entropy weavers
  14 yaktaur captains
  9 fire dragons
  11 great orbs of eyes
  16 ice dragons
  6 deep elf high priests
  6 rakshasas
  28 vault guards
  A peacekeeper (Vaults:3)
  9 hydras
  12 ironbound frosthearts
  3 spriggan air magi
  2 hell beasts (Depths:1)
  2 ogre magi
  A ghost crab (Swamp:2)
  3 jorogumos
  2 catoblepae
  An alligator (shapeshifter) (Vaults:5)
  15 dancing weapons
  6 alligators
  12 centaur warriors
  8 death yaks (Lair:5)
  A vampire mage (Vaults:3)
  9 boulder beetles
  8 two-headed ogres
  A tengu warrior (Depths:1)
  6 deep troll shamans
  4 orc high priests
  Urug (Lair:4)
  8 spriggan berserkers
  6 deep troll earth magi
  13 hell knights
  3 iron trolls
  Lodul (D:10)
  15 deep elf knights
  4 goliath frogs
  A sea snake (shapeshifter) (Vaults:5)
  2 sun moths
  5 pharaoh ants
  A flayed ghost (Depths:4)
  5 glowing orange brains
  57 deep trolls
  A swamp dragon (Swamp:4)
  A deep troll (shapeshifter) (D:14)
  A glowing orange brain (shapeshifter) (Vaults:5)
  11 orb spiders
  Pikel (D:7)
  8 deep elf archers
  9 wizards
  A swamp dragon (shapeshifter) (Elf:1)
  8 orc knights
  9 bog bodies
  11 lindwurms
  An orange crystal statue (IceCv)
  14 deep elf zephyrmancers
  9 necromancers
  8 steelbarb worms
  19 ironbound convokers
  A wolf spider (shapeshifter) (Vaults:4)
  6 harpies
  3 phantasmal warriors
  26 deep elf pyromancers
  An oklob plant (Lair:1)
  A will-o-the-wisp (Swamp:3)
  8 orc sorcerers
  29 ugly things
  16 wolf spiders
  29 elephants
  5 cyclopes
  A moth of wrath (shapeshifter) (Vaults:5)
  8 shining eyes
  A faun (shapeshifter) (Elf:3)
  A toenail golem (D:6)
  2 demonic crawlers (Spider:2)
  3 black mambas
  14 vault sentinels
  24 moths of wrath
  2 ice statues (Spider:2)
  A guardian serpent (shapeshifter) (Vaults:5)
  6 torpor snails
  The ghost of PyroL the Covert, a novice SpHu of Fedhas (D:6)
  3 eyes of devastation
  14 cane toads
  5 large abominations
  2 rime drakes
  5 gargoyles
  Psyche (D:8)
  An orange demon (Zot:4)
  An efreet (D:13)
  4 kobold demonologists (D:11)
  54 yaktaurs
  A komodo dragon (Lair:1)
  6 freezing wraiths
  3 tengu conjurers
  2 ice devils (Lair:5)
  2 meliai (Spider:4)
  10 trolls
  3 anaconda simulacra (IceCv)
  2 red devils
  A bloated husk (Swamp:2)
  6 hornets
  32 blink frogs
  9 tyrant leeches
  Prince Ribbit (D:5)
  16 tarantellas
  7 polar bears
  6 dream sheep
  25 jumping spiders
  3 shadows
  Sigmund (D:6)
  An air elemental (Elf:3)
  25 culicivoras
  A dire elephant simulacrum (IceCv)
  7 spriggans
  6 water elementals
  4 wraiths
  104 slime creatures
  3 wyverns
  A hog (Swamp:4)
  4 vampires
  41 yaks
  A ynoxinul (Depths:2)
  2 steam dragons
  4 swamp worm simulacra (Swamp:4)
  10 vampire mosquitoes
  4 fire elementals
  5 golden eyes
  2 basilisks (Lair:2)
  47 redbacks
  4 wargs
  20 swamp worms
  A harpy simulacrum (IceCv)
  15 hydra simulacra (Swamp:4)
  Duvessa (D:6)
  2 acid dragons (D:12)
  A floating eye (shapeshifter) (Vaults:5)
  9 water moccasins
  2 floating eyes (Depths:1)
  2 black bears
  An ettin simulacrum (IceCv)
  27 orc warriors
  2 sky beasts
  4 ice beasts
  2 alligator simulacra (IceCv)
  20 ogres
  17 wolves
  5 centaurs
  6 kobold brigands
  A phantom (D:4)
  8 bullfrogs
  2 gnoll sergeants
  A necrophage (D:6)
  2 scorpions
  Dowan (D:6)
  11 killer bees
  5 electric eels
  4 howler monkeys
  A lava snake (D:8)
  A hound (D:5)
  20 orc priests
  4 jellies
  A gnoll bouda (D:6)
  Ijyb (D:3)
  3 iguanas
  28 orc wizards
  20 gnolls
  4 adders
  A shadow imp (D:6)
  2 white imps
  An ufetubus (D:4)
  3 swamp drake simulacra (Swamp:4)
  2 worms (D:2)
  4 dart slugs
  58 orcs
  15 endoplasms
  5 giant cockroaches
  7 goblins
  7 hobgoblins
  6 quokkas
  2 ball pythons
  8 bats
  32 kobolds
  A rat (D:1)
2011 creatures vanquished.

Vanquished Creatures (collateral kills)
  An ancient lich (Zot:5)
  An orb of fire (Zot:5)
  A golden dragon (Zot:5)
  A deep elf master archer (Elf:3)
  2 quicksilver dragons
  A deep elf blademaster (Elf:3)
  2 storm dragons (Zot:5)
  A draconian monk (Zot:4)
  A rockslime (Slime:5)
  4 emperor scorpions
  A ghost moth (Spider:4)
  A green draconian (Zot:4)
  A very ugly thing (IceCv)
  A bunyip (Swamp:4)
  A red draconian (Zot:4)
  A deep elf annihilator (Elf:3)
  A deep elf death mage (Elf:3)
  An alligator (Swamp:2)
  An orc high priest (Orc:2)
  A steelbarb worm (Spider:4)
  An orc sorcerer (Orc:2)
  3 ugly things (D:15)
  A meliai (Spider:4)
  2 tarantellas (Spider:4)
  A tyrant leech (Swamp:2)
  3 blink frogs (Lair:5)
  A jumping spider (Spider:4)
  A culicivora (Spider:3)
  4 yaks (Lair:5)
  A basilisk (Lair:5)
  A redback (Spider:4)
  A large abomination (D:15)
  A kobold brigand (D:11)
  An orc wizard (Orc:2)
  A swamp drake simulacrum (Swamp:4)
  2 kobolds (D:11)
50 creatures vanquished.

Vanquished Creatures (others)
  A deep elf elementalist (Elf:1)
  A wizard (Vaults:2)
  A wolf spider (Spider:4)
  4 bloated husks
  A human (Swamp:4)
  A fire elemental (Elf:1)
  A swamp worm (Swamp:4)
  2 orc wizards
  29 fungi
  36 plants
77 creatures vanquished.

Grand Total: 2138 creatures vanquished

Notes
Turn   | Place    | Note
-------+----------+-------------------------------------------
     0 | D:1      | ragingrage the Demonspawn Berserker began the quest for the
                  | Orb.
     0 | D:1      | Reached XP level 1. HP: 18/18 MP: 1/1
   117 | D:1      | Gained mutation: You sometimes gain a little power by
                  | taking damage. [demonic ancestry]
   117 | D:1      | Reached XP level 2. HP: 23/24 MP: 2/2
   468 | D:1      | Found a faded altar of an unknown god.
   836 | D:2      | Gained mutation: Your demonic aura sometimes causes spilled
                  | blood to erupt in flames. [demonic ancestry]
   836 | D:2      | Reached XP level 3. HP: 25/29 MP: 3/3
  1142 | D:2      | Gained mutation: You have a somewhat thin skeletal
                  | structure. (Dex +2, Stealth+) [demonic ancestry]
  1142 | D:2      | Reached XP level 4. HP: 33/35 MP: 4/4
  1511 | D:2      | Reached skill level 1 in Polearms
  1715 | D:3      | Reached ** piety under Trog
  1802 | D:3      | Found an iron altar of Okawaru.
  1805 | D:3      | Noticed Ijyb
  1816 | D:3      | Killed Ijyb
  1817 | D:3      | Reached XP level 5. HP: 35/41 MP: 5/5
  2651 | D:3      | Found Umoezewe's Weapon Shoppe.
  2809 | D:4      | Noticed a black bear
  2812 | D:4      | Killed a black bear
  2813 | D:4      | Reached skill level 5 in Axes
  2813 | D:4      | Gained mutation: You sometimes gain power by taking damage.
                  | [demonic ancestry]
  2813 | D:4      | Reached XP level 6. HP: 45/47 MP: 6/6
  3310 | D:4      | Found an opulent altar of Gozag.
  3360 | D:4      | Found a hazy altar of Hepliaklqana.
  3470 | D:5      | Entered Level 5 of the Dungeon
  3501 | D:5      | Found a runed translucent door.
  3502 | D:5      | Noticed Crazy Yiuf
  3707 | D:5      | Reached XP level 7. HP: 52/52 MP: 7/7
  3708 | D:5      | Reached *** piety under Trog
  3800 | D:5      | Found Vizxonin's Book Boutique.
  3899 | D:5      | Noticed Prince Ribbit
  3912 | D:5      | Killed Prince Ribbit
  3986 | D:5      | Found a hide-covered altar of Uskayaw.
  4005 | D:5      | Reached XP level 8. HP: 4/58 MP: 8/8
  4444 | D:6      | Noticed Duvessa
  4444 | D:6      | Noticed Dowan
  4447 | D:6      | Killed Duvessa
  4452 | D:6      | Killed Dowan
  4712 | D:6      | Noticed Sigmund
  4726 | D:6      | Killed Sigmund
  4732 | D:6      | Reached skill level 10 in Axes
  4890 | D:6      | Gained mutation: You have a small tail. [demonic ancestry]
  4890 | D:6      | Reached XP level 9. HP: 46/63 MP: 9/9
  5007 | D:6      | Found a staircase to the Ecumenical Temple.
  5166 | D:6      | Found a runed translucent gate.
  5166 | D:6      | Found a runed translucent gate.
  5166 | D:6      | Noticed PyroL's ghost (novice SpHu)
  5167 | D:6      | Found a runed translucent gate.
  5177 | D:6      | Identified the +7 scale mail of the Worm {rF+ Will+ Dex+3
                  | Slay+3}
  5477 | D:6      | Reached **** piety under Trog
  6025 | D:7      | Found Poiffush's Jewellery Boutique.
  6458 | D:7      | Noticed Pikel
  6477 | D:7      | Killed Pikel
  7133 | D:8      | Reached XP level 10. HP: 49/70 MP: 10/10
  7278 | D:8      | Noticed Psyche
  7290 | D:8      | Killed Psyche
  7548 | D:8      | Reached skill level 5 in Stealth
  7614 | D:7      | Bought an amulet of guardian spirit for 330 gold pieces
  7692 | D:8      | Found a sacrificial altar of Ru.
  7693 | D:8      | Found a shimmering blue altar of Sif Muna.
  7894 | D:9      | Found a bloodstained altar of Trog.
  7982 | D:9      | Noticed a green ugly thing
  7989 | D:9      | Killed a green ugly thing
  8206 | D:9      | Found a staircase to the Orcish Mines.
  8259 | D:9      | Noticed a two-headed ogre
  8277 | D:9      | Noticed a two-headed ogre
  8466 | D:9      | Killed a two-headed ogre
  8470 | D:9      | Killed a two-headed ogre
  8663 | D:9      | Found a shimmering altar of Xom.
  8736 | D:10     | Entered Level 10 of the Dungeon
  9057 | D:10     | Reached XP level 11. HP: 72/75 MP: 11/11
  9204 | D:10     | Found a broken altar of Ashenzari.
  9436 | D:10     | Reached ***** piety under Trog
  9438 | D:10     | Reached skill level 15 in Axes
 10313 | D:11     | Gained mutation: Your body sometimes deteriorates upon
                  | taking damage. [a neqoxec]
 10317 | D:11     | Noticed a sun demon
 10326 | D:11     | Noticed a sun demon
 10520 | D:11     | Noticed a green ugly thing
 10526 | D:11     | Killed a green ugly thing
 10731 | D:11     | Reached skill level 1 in Evocations
 10790 | D:11     | Noticed a boulder beetle
 10802 | D:11     | Killed a boulder beetle
 10860 | D:11     | Found a staircase to the Lair.
 11009 | D:12     | Noticed a deep elf pyromancer
 11018 | D:12     | Killed a deep elf pyromancer
 11202 | D:12     | Noticed a boulder beetle
 11223 | D:12     | Killed a boulder beetle
 11406 | D:12     | Found Meokk's Jewellery Boutique.
 11407 | D:12     | Noticed a green ugly thing
 11415 | D:12     | Killed a green ugly thing
 11654 | D:12     | Gained mutation: You have a tail ending in a sharp stinger.
                  | [demonic ancestry]
 11654 | D:12     | Reached XP level 12. HP: 73/84 MP: 12/12
 12274 | D:13     | Reached skill level 5 in Fighting
 12417 | Lair:1   | Entered Level 1 of the Lair of Beasts
 12872 | D:10     | Noticed Lodul
 12878 | D:10     | Killed Lodul
 13015 | Lair:1   | Reached skill level 5 in Dodging
 13451 | Lair:2   | Noticed a six-headed hydra
 13459 | Lair:2   | Killed a six-headed hydra
 13460 | Lair:2   | Reached skill level 5 in Armour
 13460 | Lair:2   | Reached skill level 5 in Evocations
 13654 | Lair:2   | Reached skill level 1 in Throwing
 13860 | Lair:2   | Noticed a catoblepas
 13885 | Lair:2   | Killed a catoblepas
 14950 | Lair:2   | Found a staircase to the Swamp.
 15241 | Lair:3   | Reached XP level 13. HP: 49/96 MP: 7/13
 16228 | Lair:3   | Found a hole to the Spider Nest.
 16689 | Lair:4   | Noticed Urug
 16695 | Lair:4   | Killed Urug
 16883 | Lair:4   | Reached skill level 5 in Throwing
 17299 | Lair:4   | Received a gift from Trog
 17366 | Lair:4   | Noticed Snorg
 17375 | Lair:4   | Killed Snorg
 17834 | Lair:4   | Found a runed translucent door.
 17834 | Lair:4   | Found a viscous altar of Jiyva.
 17834 | Lair:4   | Found a staircase to the Slime Pits.
 18020 | Lair:5   | Entered Level 5 of the Lair of Beasts
 18313 | Lair:5   | Gained mutation: You have a sharp stinger which inflicts
                  | weakening toxins. [demonic ancestry]
 18313 | Lair:5   | Reached XP level 14. HP: 98/108 MP: 11/14
 18585 | Lair:5   | Found a transporter.
 19368 | Lair:5   | Reached skill level 10 in Fighting
 19375 | Lair:5   | Received a gift from Trog
 19743 | Lair:5   | Identified the ring of Ephemeral Luck {rPois rC+ Dex+3}
 19981 | Lair:5   | Found a transporter.
 19982 | Lair:5   | Found a one-way gate to the infinite horrors of the Abyss.
 20087 | Lair:5   | Noticed olddryhag's ghost (journeyman DsGl)
 20446 | Lair:5   | Reached skill level 10 in Armour
 21013 | Orc:1    | Entered Level 1 of the Orcish Mines
 21448 | Orc:2    | Entered Level 2 of the Orcish Mines
 21671 | Orc:2    | Received a gift from Trog
 21947 | Orc:2    | Reached XP level 15. HP: 112/120 MP: 12/15
 21978 | Orc:2    | Found a staircase to the Elven Halls.
 22368 | Orc:2    | Found Geipn's Jewellery Shoppe.
 22383 | Orc:2    | Found Ybec's Magic Scroll Boutique.
 23104 | Orc:2    | Bought a scroll of enchant armour for 112 gold pieces
 23104 | Orc:2    | Bought a scroll of fog for 60 gold pieces
 23104 | Orc:2    | Found Ceurph's Magic Scroll Boutique.
 23106 | Orc:2    | Found Eczevanu's Antique Weapon Shoppe.
 23112 | Orc:2    | Bought a scroll of blinking for 105 gold pieces
 23112 | Orc:2    | Bought a scroll of enchant weapon for 105 gold pieces
 23117 | Orc:2    | Bought a scroll of fog for 56 gold pieces
 23117 | Orc:2    | Bought a scroll of fog for 56 gold pieces
 23117 | Orc:2    | Bought a scroll of teleportation for 42 gold pieces
 23125 | Orc:2    | Bought a scroll of brand weapon for 142 gold pieces
 23125 | Orc:2    | Bought a scroll of immolation for 60 gold pieces
 23624 | D:6      | Killed PyroL's ghost
 23795 | D:13     | Reached skill level 1 in Shields
 24448 | D:14     | Found a gate to the Vaults.
 24906 | D:15     | Entered Level 15 of the Dungeon
 25149 | D:15     | Found a portal to a secret trove of treasure.
 25576 | D:15     | Found a basalt altar of Yredelemnul.
 25595 | D:15     | Reached skill level 5 in Shields
 25988 | D:15     | Found a staircase to the Depths.
 26053 | D:15     | You paid a toll of +4 fire dragon scales to enter a
                  | treasure trove
 26054 | Trove    | Entered a treasure trove
 26076 | Trove    | Identified the +2 demon trident "Lacertilianbane" {vamp,
                  | Drain rElec rC+ rN+}
 26081 | Trove    | Identified the +9 broad axe "Mahec Afot" {spect, Dex+3
                  | SInv}
 26522 | Swamp:1  | Entered Level 1 of the Swamp
 26671 | Swamp:1  | Identified the +10 hand axe of Ambiguity {heavy, Str+2}
                  | (Trog gifted it to you on level 1 of the Swamp)
 26671 | Swamp:1  | Received a gift from Trog
 26731 | Swamp:1  | Found a stormy altar of Qazlal.
 28385 | Swamp:2  | Gained mutation: Your demonic aura often causes spilled
                  | blood to erupt in flames. [demonic ancestry]
 28385 | Swamp:2  | Reached XP level 16. HP: 124/124 MP: 10/16
 28472 | Swamp:2  | You fall into a shaft and drop 1 floor!
 28486 | Swamp:4  | Entered Level 4 of the Swamp
 29658 | Swamp:3  | Identified 2 scrolls of acquirement
 29662 | Swamp:3  | Acquired a manual of Evocations
 29665 | Swamp:3  | Acquired the +2 pair of gloves of Lust {rPois SInv}
 30615 | Swamp:4  | Noticed Mara
 30646 | Swamp:4  | Reached skill level 10 in Evocations
 31639 | Swamp:4  | Noticed Kirke
 31842 | Spider:1 | Entered Level 1 of the Spider Nest
 33038 | Spider:2 | Received a gift from Trog
 33126 | Spider:2 | Found a frozen archway.
 33295 | IceCv    | Entered an ice cave
 33313 | IceCv    | Found a transporter.
 33324 | IceCv    | Found a transporter.
 33953 | Spider:3 | Gained mutation: Your demonic aura causes all spilled blood
                  | to erupt in flames. [demonic ancestry]
 33953 | Spider:3 | Reached XP level 17. HP: 112/136 MP: 14/17
 34308 | Spider:3 | Received a gift from Trog
 35033 | Spider:4 | Entered Level 4 of the Spider Nest
 35925 | Spider:4 | Received a gift from Trog
 36508 | Spider:4 | Identified the +1 pair of boots "Wygaum" {Stlth+}
 36542 | Spider:4 | Got a gossamer rune of Zot
 37086 | D:12     | Bought the ring "Onaebyso" {rElec rN+ rCorr EV+5 Str-2} for
                  | 1000 gold pieces
 37218 | Elf:1    | Entered Level 1 of the Elven Halls
 37305 | Elf:1    | Reached skill level 15 in Evocations
 37423 | Elf:1    | Acquired a manual of Fighting
 37606 | Elf:1    | Received a gift from Trog
 37844 | Elf:1    | Identified the +0 plate armour of Plog {-Cast Harm Str+3}
 38003 | Elf:1    | Gained mutation: You have a moderately thin skeletal
                  | structure. (Dex +4, Stealth++) [demonic ancestry]
 38003 | Elf:1    | Reached XP level 18. HP: 143/148 MP: 18/18
 38014 | Elf:1    | Reached skill level 15 in Fighting
 38388 | Elf:2    | Found Karainag's Weapon Boutique.
 38538 | Elf:2    | Reached ****** piety under Trog
 38992 | Elf:2    | Found a runed translucent gate.
 38993 | Elf:2    | Found a runed translucent gate.
 38993 | Elf:2    | Found a runed translucent gate.
 39033 | Elf:3    | Entered Level 3 of the Elven Halls
 39109 | Elf:3    | Found Borche's Magic Scroll Boutique.
 39128 | Elf:3    | Bought 2 scrolls of fear for 160 gold pieces
 39128 | Elf:3    | Bought a scroll of teleportation for 60 gold pieces
 39128 | Elf:3    | Bought a scroll of teleportation for 60 gold pieces
 39308 | Elf:3    | Received a gift from Trog
 39317 | Elf:3    | Identified the +2 robe "Footzoh" {+Inv MP-9 Dex+3}
 39748 | Elf:3    | Identified the ring of Laesoc {rPois rC- Will+ Int+6 Dex+2}
 39751 | Elf:3    | Identified the +7 short sword of the Hall of Blades {flame,
                  | *Corrode rN++ Int-3 Dex+8}
 39751 | Elf:3    | Identified the amulet of Diji {RegenMP Dex+4}
 39755 | Elf:3    | Identified the +10 spear of Lajal {pain, rC+ rCorr Dex+2}
 39808 | Elf:3    | Identified the +2 robe of Analysis {rF+}
 39822 | Elf:3    | Identified the +7 lajatang of Veown {heavy, +Blink}
 39822 | Elf:3    | Identified the amulet of Onkuerue {Spirit Will+}
 39980 | Elf:3    | Identified the ring of Vehumet, Bedazzling {rF+ EV+5}
 40577 | Elf:3    | Identified the +0 ring mail "Meed" {*Corrode +Inv Fly
                  | Str+4}
 40773 | Elf:3    | Paralysed by an air elemental for 1 turns
 41290 | Vaults:1 | Entered Level 1 of the Vaults
 41293 | Vaults:1 | Found Opoam's Book Boutique.
 41342 | Vaults:1 | Identified the +1 ring mail of Giuson {Rampage Int+4}
 41955 | Vaults:1 | Reached XP level 19. HP: 150/165 MP: 17/19
 42253 | Vaults:1 | Received a gift from Trog
 43475 | Vaults:2 | Received a gift from Trog
 43752 | Vaults:2 | Found Ojaly's Antique Armour Emporium.
 43944 | Vaults:2 | Reached skill level 10 in Stealth
 44350 | Vaults:3 | Received a gift from Trog
 44510 | Vaults:3 | Gained mutation: You have an unnaturally thin skeletal
                  | structure. (Dex +6, Stealth+++) [demonic ancestry]
 44510 | Vaults:3 | Reached XP level 20. HP: 176/176 MP: 20/20
 45044 | Vaults:3 | Found a staircase to the Crypt.
 45054 | Vaults:3 | Received a gift from Trog
 45838 | Vaults:3 | Received a gift from Trog
 45900 | Vaults:3 | Reached skill level 10 in Shields
 45943 | Vaults:3 | Noticed a dread lich
 46000 | Vaults:3 | Killed a dread lich
 47775 | Swamp:4  | Noticed ragingrage's illusion
 47776 | Swamp:4  | Received a gift from Trog
 47780 | Swamp:4  | Killed Mara
 47919 | Swamp:4  | Killed Kirke
 48640 | Swamp:4  | Got a decaying rune of Zot
 48944 | Depths:1 | Entered Level 1 of the Depths
 49018 | Depths:1 | Reached XP level 21. HP: 133/183 MP: 16/21
 49022 | Depths:1 | Identified the +7 halberd of the Puffin {flame, Will+}
                  | (Trog gifted it to you on level 1 of the Depths)
 49022 | Depths:1 | Received a gift from Trog
 49254 | Depths:1 | Paralysed by a floating eye for 2 turns
 49535 | Depths:1 | Paralysed by a floating eye for 4 turns
 49657 | Depths:1 | Found a gateway to Hell.
 50116 | Depths:2 | Found a one-way gate leading to the halls of Pandemonium.
 50145 | Depths:2 | Received a gift from Trog
 50663 | Depths:2 | Found a one-way gateway to a ziggurat.
 50902 | Depths:2 | Found a shadowy altar of Dithmenos.
 51101 | Depths:2 | Noticed Saint Roka
 51117 | Depths:2 | Killed Saint Roka
 51370 | Depths:2 | Found the amulet of the Air {Inacc Air Fly rElec RMsl}
 51709 | Depths:3 | Received a gift from Trog
 52285 | Depths:3 | Identified the +6 flail "Xoarurem" {venom, rCorr Stlth+}
 52298 | Depths:3 | Reached skill level 10 in Throwing
 52337 | Depths:3 | Noticed a golden dragon
 52345 | Depths:3 | Killed a golden dragon
 52695 | Depths:4 | Entered Level 4 of the Depths
 52816 | Depths:4 | Gained mutation: You punish those that try to bend your
                  | will. (Will+) [demonic ancestry]
 52816 | Depths:4 | Reached XP level 22. HP: 187/190 MP: 22/22
 52820 | Depths:4 | Identified the +3 hand axe of Extinguishment {flame, Drain
                  | rF+++ rCorr Str+2} (Trog gifted it to you on level 4 of the
                  | Depths)
 52820 | Depths:4 | Received a gift from Trog
 52909 | Depths:4 | Found a gate to the Realm of Zot.
 53046 | Depths:4 | Noticed a golden dragon
 53063 | Depths:4 | Killed a golden dragon
 53287 | Depths:4 | Noticed a golden dragon
 53302 | Depths:4 | Killed a golden dragon
 53369 | Depths:4 | Found a huge runed gate.
 53370 | Depths:4 | Found a huge runed gate.
 53370 | Depths:4 | Found a huge runed gate.
 53370 | Depths:4 | Found a huge runed gate.
 53371 | Depths:4 | Found a huge runed gate.
 53371 | Depths:4 | Found a huge runed gate.
 53371 | Depths:4 | Found a huge runed gate.
 53373 | Depths:4 | Found a huge runed gate.
 53579 | Depths:4 | Found a huge runed gate.
 53579 | Depths:4 | Found a huge runed gate.
 53579 | Depths:4 | Found a huge runed gate.
 53581 | Depths:4 | Found a huge runed gate.
 53581 | Depths:4 | Found a huge runed gate.
 53581 | Depths:4 | Found a huge runed gate.
 53582 | Depths:4 | Found a huge runed gate.
 53583 | Depths:4 | Found a huge runed gate.
 53586 | Depths:4 | Found a huge runed gate.
 53586 | Depths:4 | Found a huge runed gate.
 53586 | Depths:4 | Found a huge runed gate.
 53586 | Depths:4 | Found a huge runed gate.
 53586 | Depths:4 | Found a huge runed gate.
 53586 | Depths:4 | Found a huge runed gate.
 53587 | Depths:4 | Found a huge runed gate.
 53588 | Depths:4 | Found a huge runed gate.
 53589 | Depths:4 | Found a huge runed gate.
 53597 | Depths:4 | Found a huge runed gate.
 53597 | Depths:4 | Found a huge runed gate.
 53597 | Depths:4 | Found a huge runed gate.
 53597 | Depths:4 | Found a huge runed gate.
 53597 | Depths:4 | Found a huge runed gate.
 53597 | Depths:4 | Found a huge runed gate.
 53597 | Depths:4 | Found a huge runed gate.
 53598 | Depths:4 | Found a huge runed gate.
 53599 | Depths:4 | Found a huge runed gate.
 53648 | Depths:4 | Found a huge runed gate.
 53648 | Depths:4 | Found a huge runed gate.
 54640 | Slime:1  | Entered Level 1 of the Pits of Slime
 54649 | Slime:1  | Gained mutation: Your body often deteriorates upon taking
                  | damage. [a shining eye]
 54718 | Slime:1  | Received a gift from Trog
 54876 | Slime:3  | Gained mutation: You are frail. (-10% HP) [a shining eye]
 54910 | Slime:2  | Reached skill level 10 in Dodging
 55036 | Slime:2  | Lost mutation: You are frail. (-10% HP) [potion of
                  | mutation]
 55036 | Slime:2  | Lost mutation: Your body often deteriorates upon taking
                  | damage. [potion of mutation]
 55036 | Slime:2  | Gained mutation: Your muscles are strong. (Str +4, Int/Dex
                  | -1) [potion of mutation]
 55036 | Slime:2  | Gained mutation: You are agile. (Dex +4, Str/Int -1)
                  | [potion of mutation]
 55036 | Slime:2  | Gained mutation: You do not regenerate when monsters are
                  | visible. [potion of mutation]
 55037 | Slime:2  | Lost mutation: You do not regenerate when monsters are
                  | visible. [potion of mutation]
 55037 | Slime:2  | Lost mutation: Your body sometimes deteriorates upon taking
                  | damage. [potion of mutation]
 55037 | Slime:2  | Lost mutation: You are agile. (Dex +4, Str/Int -1) [potion
                  | of mutation]
 55037 | Slime:2  | Lost mutation: Your muscles are strong. (Str +4, Int/Dex
                  | -1) [potion of mutation]
 55668 | Slime:5  | Entered Level 5 of the Pits of Slime
 55772 | Slime:5  | Noticed the Royal Jelly
 56099 | Slime:4  | Received a gift from Trog
 56584 | Slime:5  | Found a viscous altar of Jiyva.
 56755 | Slime:5  | Killed the Royal Jelly
 57301 | Slime:5  | Got a slimy rune of Zot
 57302 | Slime:5  | Identified the +3 broad axe of the Big Bang {freeze, Str+4
                  | Stlth+}
 57377 | Slime:5  | Identified the ring of Araefi Ecwo {rElec rPois Int+3 SInv}
 57467 | Slime:5  | Identified the +1 dagger of Dauloyps {flame, Str+5}
 58122 | Lair:5   | Killed olddryhag's ghost
 58499 | Zot:1    | Entered Level 1 of the Realm of Zot
 58693 | Zot:1    | Noticed Aklawnof's ghost (legendary VSBe)
 58713 | Zot:1    | Received a gift from Trog
 58717 | Zot:1    | Gained mutation: You are resistant to unholy torment.
                  | [demonic ancestry]
 58717 | Zot:1    | Reached XP level 23. HP: 125/196 MP: 14/23
 58721 | Zot:1    | Found a runed translucent door.
 59432 | Zot:1    | Acquired the +8 broad axe of Inonuegh {antimagic, rC+}
 60388 | Zot:2    | Noticed Vv
 60403 | Zot:2    | Killed Vv
 61501 | Zot:3    | Reached skill level 15 in Throwing
 61731 | Zot:3    | Noticed a Killer Klown
 61741 | Zot:3    | Killed a Killer Klown
 61741 | Zot:3    | Received a gift from Trog
 63305 | Zot:4    | Identified the ring "Rofroe Daod" {rElec rPois rCorr Str+3}
 63430 | Zot:4    | Identified the +7 hand axe "Killer Klown's Doom" {heavy,
                  | rElec MP-9 Dex+6 Stlth+}
 63686 | Zot:4    | Noticed a Killer Klown
 63694 | Zot:4    | Reached skill level 15 in Armour
 63708 | Zot:4    | Killed a Killer Klown
 64335 | Zot:4    | Reached skill level 1 in Spellcasting
 64426 | Zot:4    | Reached XP level 24. HP: 172/204 MP: 22/25
 64438 | Zot:4    | Reached skill level 1 in Invocations
 64514 | Zot:4    | Received a gift from Trog
 64687 | Zot:4    | Found a corrupted altar of Lugonu.
 65197 | Zot:5    | Entered Level 5 of the Realm of Zot
 66168 | Zot:5    | Reached skill level 5 in Invocations
 66800 | Zot:5    | Noticed an orb of fire
 66800 | Zot:5    | Noticed an ancient lich
 66809 | Zot:5    | Killed an orb of fire
 66815 | Zot:5    | Killed an ancient lich
 67057 | Zot:5    | Noticed an orb of fire
 67117 | Zot:5    | Killed an orb of fire
 67562 | Zot:5    | Noticed a Killer Klown
 67728 | Zot:5    | Reached skill level 15 in Shields
 67814 | Zot:5    | Noticed a Killer Klown
 67818 | Zot:5    | Killed a Killer Klown
 67828 | Zot:5    | Killed a Killer Klown
 67956 | Zot:5    | Reached skill level 10 in Invocations
 67995 | Zot:5    | Noticed a Killer Klown
 68010 | Zot:5    | Killed a Killer Klown
 68267 | Zot:5    | Noticed a Killer Klown
 68274 | Zot:5    | Killed a Killer Klown
 68362 | Zot:5    | Received a gift from Trog
 68402 | Zot:5    | Noticed a Killer Klown
 68424 | Zot:5    | Killed a Killer Klown
 68514 | Zot:5    | Noticed a Killer Klown
 68517 | Zot:5    | Noticed an orb of fire
 68545 | Zot:5    | Killed a Killer Klown
 68612 | Zot:5    | Gained mutation: You are occasionally teleported next to
                  | monsters. [an orb of fire]
 68615 | Zot:5    | Gained mutation: Your body sometimes deteriorates upon
                  | taking damage. [an orb of fire]
 68617 | Zot:5    | Gained mutation: You are robust. (+10% HP) [an orb of fire]
 68618 | Zot:5    | Killed an orb of fire
 68626 | Zot:5    | Noticed an ancient lich
 68643 | Zot:5    | Killed an ancient lich
 68699 | Zot:5    | Lost mutation: You are robust. (+10% HP) [potion of
                  | mutation]
 68699 | Zot:5    | Lost mutation: You are occasionally teleported next to
                  | monsters. [potion of mutation]
 68699 | Zot:5    | Lost mutation: Your body sometimes deteriorates upon taking
                  | damage. [potion of mutation]
 68699 | Zot:5    | Gained mutation: You are strong-willed. (Will+) [potion of
                  | mutation]
 68699 | Zot:5    | Gained mutation: You are agile. (Dex +4, Str/Int -1)
                  | [potion of mutation]
 68699 | Zot:5    | Gained mutation: Your spells are a little harder to cast,
                  | but a little more powerful. [potion of mutation]
 69630 | Vaults:5 | Entered Level 5 of the Vaults
 69640 | Vaults:5 | Noticed a dread lich
 69644 | Vaults:5 | Killed a dread lich
 69665 | Vaults:5 | Reached XP level 25. HP: 159/210 MP: 28/33
 69687 | Vaults:5 | Reached skill level 15 in Invocations
 70033 | Vaults:5 | Identified the ring "Nooth" {rF+ rC++ AC+4 Int-2 Dex+4}
 70085 | Vaults:5 | Identified the ring of Cywid {rPois rF+ EV+5}
 70094 | Vaults:5 | Identified the +5 lajatang "Beloacep" {speed, rF+}
 70191 | Vaults:5 | Identified the amulet of Ashromoni {Spirit rN+ Str-2 SInv}
 70205 | Vaults:5 | Identified the ring of Okawaru's Indignation {rF+ rC+ Will+
                  | Dex+4 SInv}
 70219 | Vaults:5 | Identified the +7 sling "ragingrage's Bane" {freeze, rPois
                  | rC- rN+ Str+3}
 70427 | Vaults:5 | Acquired the +6 tower shield of the Fiddle {Dex+5}
 70681 | Vaults:5 | Received a gift from Trog
 70737 | Vaults:5 | Got a silver rune of Zot
 70817 | Vaults:5 | Identified the +2 morningstar "Punaown" {flame, rC+ rCorr
                  | Str+4}
 70905 | Vaults:5 | Identified the ring of the Lotus Blossom {rElec rN+ Str+6
                  | Int+3 Stlth+}
 71014 | Vaults:5 | Identified the amulet of Penoel {RegenMP rF+ Slay-2 SInv}
 71971 | Zot:5    | Got the Orb of Zot
 72429 | D:6      | Noticed Hegoen the pandemonium lord
 72506 | D:$      | Escaped with the Orb!

Illustrated notes

Levels and vault maps discovered:
D:1:      amcnicky_arrival_flooded_fountain, layout_basic,
          hellmonk_ecumenical_altar_inner_sanctum, corexii_leaking_fountain
D:2:      layout_loops_ring
D:3:      layout_loops_ring, okawaru_trees_2, serial_shops,
          nicolae_shop_advertising_works [nicolae_subvault_shop_adworks],
          hangedman_decor_opposing, uniq_ijyb
D:4:      layout_rooms, grunt_gozag_statues, marbit_many_paths, minivault_14
D:5:      layout_basic, eat_drink_and_be_merry_uskayaw, serial_shops, shop,
          uniq_crazy_yiuf_cottage, uniq_prince_ribbit1
D:6:      layout_basic, minmay_temple_entry_wispy, biasface_ghost_orc_armoury,
          uniq_duvessa, uniq_sigmund
D:7:      layout_loops_ring, serial_shops, nicolae_inconvenience_store,
          chequers_serial_rivers_micro_b, uniq_pikel
D:8:      layout_rooms, nicolae_overflow_two_pavilions, uniq_psyche
D:9:      layout_rooms, trog_hazing_becter, mainiacjoe_overflow_six_doors_small,
          orc_0_dummy, minmay_misc_feat_enclosed
D:10:     layout_cave_pools, nicolae_ashenzari_skybound, uniq_lodul
D:11:     cheibrodos_statue_roulette, layout_stronghold, lair_entry_dummy
D:12:     layout_cave_pools, serial_shops, shop
D:13:     layout_roguey
D:14:     layout_rooms, erik_vaults_1, minmay_holes
D:15:     grunt_enter_depths_hoard, layout_basic, enter_trove_2,
          yredelemnul_altar_generic
Lair:1:   layout_small_grid
Lair:2:   layout_regular_city, nicolae_swamp_entry_splash_gauntlet,
          nicolae_lair_grazing_beasts [nicolae_sub_lair_graze_edge,
          nicolae_sub_lair_graze_edge, nicolae_sub_lair_graze_edge,
          nicolae_sub_lair_graze_edge]
Lair:3:   layout_gridlike, nicolae_spider_entry_orb_guardian
Lair:4:   layout_cave_pods, slime_entry_2, serial_bayou_shore_b,
          grunt_megastairs_3, serial_bayou_shore_b, infiniplex_staircase_pool_2,
          uniq_urug, uniq_snorg
Lair:5:   grunt_lair_end_beastmaster, layout_cave_pods,
          gammafunk_ghost_abyssal_escape, minivault_25
Swamp:1:  layout_basic_swamp, lemuel_altar_in_water2, infiniplex_staircase_pool
Swamp:2:  layout_basic_swamp, nicolae_swamp_feature_on_the_river_bank,
          swamp_pool5
Swamp:3:  layout_basic_swamp, evilmike_swamp_ruin_rubble_2, swamp_pool1
Swamp:4:  swamp_icy, layout_basic_swamp, swamp_pool3, nicolae_swamp_oxbows,
          uniq_kirke, uniq_mara
Spider:1: layout_cave_pods, nicolae_spider_scorpion_nest
Spider:2: layout_spider_delve, portal_ice_cave_entry_ice_statue_two
Spider:3: layout_spider_delve
Spider:4: grunt_spider_rune_circles
Slime:1:  layout_caves
Slime:2:  layout_caves
Slime:3:  layout_caves
Slime:4:  layout_caves, cheibrodos_slime_lost_civilization_7
Slime:5
Orc:1:    layout_caves
Orc:2:    st_orc_elflike, layout_diamond_mine, basic_altar,
          kennysheep_orc_chapel
Elf:1:    layout_geoelf_grid, evilmike_minifort
Elf:2:    nicolae_elf_blades_crystal_corner, layout_onion_city, serial_shops,
          shop_fountains, bh_hangedman_babel_library
Elf:3:    grunt_elf_hall_spiral, layout_loops_corners, serial_shops,
          nicolae_shop_hallway_stairs, grunt_ministairs_1
Vaults:1: v_rooms_5, vaults_mumra_chevron, vaults_dpeg_doors,
          vaults_dpeg_emergency_exit, ontoclasm_vaults_decontamination,
          ontoclasm_vaults_ring_large, hangedman_vaults_variations,
          grunt_vaults_hallway_short, nicolae_vaults_shelves_hall,
          hangedman_vaults_locks, ontoclasm_vaults_loading_screen,
          vaults_room_grunt_arrival_ludios, nicolae_vaults_what_the_h,
          nicolae_vaults_little_squares_6, layout_vaults_maze_bifur,
          serial_shops, nicolae_shop_behind_doors
Vaults:2: v_misc_24, hangedman_vaults_hat, ontoclasm_vaults_loading_screen,
          nicolae_vaults_three_branches, v_misc_8, v_misc_22,
          nicolae_vaults_border_crossing, hangedman_vaults_nails,
          nicolae_vaults_little_squares_6, layout_vaults_ring, serial_shops,
          shop_coins
Vaults:3: nicolae_vaults_network_square, v_misc_11,
          minmay_crypt_entry_vampire_xt, nicolae_vaults_triangles,
          grunt_vaults_funnel, v_misc_25, nicolae_vaults_ring_of_whatevers,
          v_misc_33, nicolae_vaults_mini_display_case,
          nicolae_vaults_branching_niches, v_alt_pattern_1,
          nicolae_vaults_asterisk, layout_vaults_omnibox
Vaults:4: kb_rosetta, vaults_room_large_hall, v_pattern_3, v_misc_17,
          nicolae_vaults_little_squares_6, ontoclasm_vaults_gateway,
          ontoclasm_vaults_loading_screen, vaults_dpeg_encased_lava,
          layout_vaults_chaotic_city
Vaults:5: serial_shops
Depths:1: layout_big_octagon, minmay_misc_feat_alley, abyss_entry,
          grunt_mini_vestibule, kennysheep_cluttered_room, grunt_ministairs_11,
          minmay_librarian
Depths:2: nicolae_BIG_FREAKIN_CUBE, layout_honeycomb, enter_ziggurat_f,
          hangedman_coc_ice_floe, nicolae_dithmenos_shadow_blocks, pan_entry,
          uniq_saint_roka
Depths:3: grunt_house_of_mirrors, layout_gridlike, hell_entry,
          hangedman_abyss_entry_splay, dk_noncrumbling_4
Depths:4: grunt_zot_entry_pinwheel, layout_gridville, pf_hell_entry_great_geh,
          minmay_misc_feat_five, serial_sigils_hangedman_writhe, door_vault
Zot:1:    layout_gridlike, hellmonk_ghost_happy_afterlife
Zot:2:    layout_gridlike, uniq_vv
Zot:3:    layout_gridlike
Zot:4:    nicolae_zot_draconian_monastery, layout_cathedral_of_symmetry,
          zot_minivault_4
Zot:5:    layout_twisted_circle

Skill      XL: |  1  2  3  4  5  6  7  8  9 10 11 12 13 14 15 16 17 18 19 20 21 22 23 24 25 |
---------------+----------------------------------------------------------------------------+-----
Axes           | 3 4 5 6 8 10 12 14 15 16 18 | 18.9
Polearms       | 2 3 |  3.0
Stealth        | 3 5 6 10 11 | 11.0
Armour         | 3 6 7 10 11 12 13 15 | 15.0
Dodging        | 3 5 7 9 10 11 13 14 | 14.8
Evocations     | 3 6 8 9 12 15 16 17 18 19 20 | 20.0
Fighting       | 4 7 9 11 13 14 18 20 | 20.0
Throwing       | 3 5 6 7 10 13 16 | 16.0
Shields        | 6 7 13 14 15 17 | 17.4
Spellcasting   | 1 |  1.5
Invocations    | 14 17 | 17.0

Action                   |  1- 3 |  4- 6 |  7- 9 | 10-12 | 13-15 | 16-18 | 19-21 | 22-24 | 25-27 || total
-------------------------+-------+-------+-------+-------+-------+-------+-------+-------+-------++-------
Melee: Hand axe          |    82 |    96 |   280 |    26 |       |       |       |       |       ||   484
       Spear             |     5 |    84 |       |       |       |       |       |       |       ||    89
       Punch             |       |     2 |     7 |     7 |     3 |     2 |       |       |       ||    21
       Tailslap          |       |       |    30 |    70 |   127 |   151 |   216 |   296 |    85 ||   975
       War axe           |       |       |       |   425 |   374 |       |       |       |       ||   799
       Flail             |       |       |       |     7 |     9 |       |       |       |       ||    16
       Broad axe         |       |       |       |       |   298 |   683 |   840 |  1059 |   290 ||  3170
       Glaive            |       |       |       |       |     2 |       |       |       |       ||     2
       Battleaxe         |       |       |       |       |    19 |     6 |       |       |       ||    25
       Unarmed           |       |       |       |       |       |       |       |     3 |       ||     3
Throw: Dart              |       |       |       |     7 |    24 |    78 |       |       |       ||   109
       Boomerang         |       |       |       |       |       |     8 |    22 |    86 |     9 ||   125
       Javelin           |       |       |       |       |       |       |       |    12 |       ||    12
       Throwing net      |       |       |       |       |       |       |       |     2 |       ||     2
Invok: Berserk           |     1 |     3 |     6 |    11 |    24 |     1 |       |     1 |       ||    47
       Brothers in Arms  |       |       |       |     1 |     4 |     6 |     2 |     9 |     1 ||    23
       Trog's Hand       |       |       |       |       |     4 |     5 |     5 |     2 |     2 ||    18
Evoke: Wand              |       |       |       |       |     1 |     4 |     1 |       |       ||     6
       Tin of tremorston |       |       |       |       |       |     2 |     3 |     2 |     3 ||    10
       Condenser vane    |       |       |       |       |       |     1 |     3 |     4 |       ||     8
       Box of beasts     |       |       |       |       |       |       |       |     2 |       ||     2
       Phantom mirror    |       |       |       |       |       |       |       |     1 |       ||     1
  Use: Potion            |       |       |     2 |       |     1 |     3 |       |     9 |     1 ||    16
       Scroll            |       |       |       |    13 |    14 |    11 |     2 |     7 |     2 ||    49
 Stab: Sleeping          |       |    12 |     5 |    13 |     9 |    13 |    40 |    29 |     1 ||   122
       Distracted        |       |       |       |     1 |     2 |    19 |    55 |    59 |    26 ||   162
       Betrayed ally     |       |       |       |       |       |     1 |       |       |       ||     1
       Held in net/web   |       |       |       |       |       |       |       |     2 |       ||     2
       Confused          |       |       |       |       |       |       |       |     2 |       ||     2
Armor: Animal skin       |    11 |       |       |       |       |       |       |       |       ||    11
       Ring mail         |    10 |    63 |    95 |   167 |   259 |     3 |       |       |       ||   597
       Scale mail        |       |       |       |       |       |   260 |   156 |   266 |    44 ||   726
Dodge: Dodged            |    59 |    96 |   117 |   215 |   403 |   376 |   463 |   585 |   144 ||  2458
Block: Buckler           |       |       |       |       |    29 |   167 |    77 |       |       ||   273
       Kite shield       |       |       |       |       |       |       |   270 |   543 |   101 ||   914
       Tower shield      |       |       |       |       |       |       |       |       |   190 ||   190

Table legend: (Time is in decaauts)
 A = Elapsed time spent in this place.
 B = Non-inter-level travel time spent in this place.
 C = Inter-level travel time spent in this place.
 D = Time resting spent in this place.
 E = Time spent auto-exploring this place.
 F = Levels seen in this place.
 G = Mean time per level.
                   A        B        C        D        E       F      G
               +--------+--------+--------+--------+--------+-----+--------+
         Total |  72464 |  65035 |   7429 |  17684 |  34551 |  54 | 1341.9 |
       Dungeon |  17192 |  14451 |   2741 |   3227 |   8550 |  15 | 1146.1 |
          Lair |   9930 |   8410 |   1520 |   2547 |   4365 |   5 | 1986.0 |
         Swamp |   5832 |   5268 |    564 |   1712 |   2661 |   4 | 1458.0 |
   Spider Nest |   4853 |   4699 |    154 |   1279 |   2454 |   4 | 1213.2 |
    Slime Pits |   2964 |   2820 |    144 |   1368 |    585 |   5 |  592.8 |
  Orcish Mines |   2597 |   2449 |    148 |    624 |   1383 |   2 | 1298.5 |
   Elven Halls |   3874 |   3663 |    211 |    791 |   2020 |   3 | 1291.3 |
        Vaults |   8160 |   7531 |    629 |    817 |   5100 |   5 | 1632.0 |
        Depths |   5733 |   5116 |    617 |    779 |   3286 |   4 | 1433.2 |
           Zot |  11104 |  10407 |    697 |   4512 |   4144 |   5 | 2220.8 |
         Trove |     90 |     90 |      0 |      0 |      0 |   1 |   90.0 |
      Ice Cave |    130 |    130 |      0 |     26 |      0 |   1 |  130.0 |
               +--------+--------+--------+--------+--------+-----+--------+

Top non-repeatable levels by time:
   Zot:5: 3683 daAuts
   Zot:4: 3555 daAuts
  Lair:5: 2328 daAuts
 Swamp:4: 2292 daAuts
  Lair:4: 2259 daAuts
Vaults:3: 2035 daAuts
  Lair:3: 2005 daAuts
   Elf:3: 1945 daAuts
   Orc:2: 1938 daAuts
  Lair:2: 1851 daAuts
     D:6: 1843 daAuts
    D:11: 1842 daAuts
Spider:4: 1807 daAuts
Depths:4: 1754 daAuts
Vaults:5: 1671 daAuts
